 Dungeon Crawl Stone Soup version 0.29-a0-1027-gcd8c55af63 (webtiles) character file.

Game seed: 15022968167355654618

0 xian the Gusty (level 1, 0/13 HPs)
             Began as a Demonspawn Air Elementalist on Aug 13, 2022.
             Slain by a quokka (2 damage)
             ... on level 1 of the Dungeon.
             The game lasted 00:00:40 (39 turns).

xian the Gusty (Demonspawn Air Elementalist)          Turns: 39, Time: 00:00:41

Health: 0/13       AC:  2    Str:  8    XL:     1   Next: 8%
Magic:  0/3        EV: 12    Int: 16    God:
Gold:   0          SH:  0    Dex: 13    Spells: 3/4 levels left

rFire   . . .      SeeInvis .   (no weapon)
rCold   . . .      Faith    .   (no shield)
rNeg    . . .      Spirit   .   a - +0 robe
rPois   .          Reflect  .   (no helmet)
rElec   .          Harm     .   (no cloak)
rCorr   .          Rampage  .   (no gloves)
Will    .....                   (no boots)
Stlth   ++........              (no amulet)
HPRegen 0.04/turn               (no ring)
MPRegen 0.08/turn               (no ring)

@: no status effects
A: no striking features
a: no special abilities


You were on level 1 of the Dungeon.
You visited 1 branch of the dungeon, and saw 1 of its levels.

Inventory:

Armour
 a - a +0 robe (worn)
Scrolls
 c - a scroll of vulnerability {unknown}
Potions
 b - a potion of magic


   Skills:
 + Level 1.7 Dodging
 + Level 1.8 Stealth
 + Level 2.0 Spellcasting
 + Level 1.0 Conjurations
 + Level 2.6 Air Magic


You had 3 spell levels left.
You knew the following spells:

 Your Spells              Type           Power      Damage    Failure   Level
a - Shock                 Conj/Air       28%        1d4       10%         1

Your spell library contained the following spells:

 Spells                   Type           Power      Damage    Failure   Level
 Static Discharge         Conj/Air       7%         3-4/arc   14%         2
 Swiftness                Air            10%        N/A       21%         3
 Airstrike                Air            5%         2d(1-17)  56%         4


Dungeon Overview and Level Annotations

Branches:
Dungeon (1/15)

Altars:


Message History

The bat barely misses you. The dart slug launches a dart at you.
The slug dart hits you but does no damage.
Your magical contamination has completely faded away.
You closely miss the bat. The bat hits you but does no damage.
Found a stone staircase leading down.
The bat hits you. The bat barely misses you. The bat hits you.
Found a puce potion.
The bat hits you but does no damage. The bat hits you. x2
The bat closely misses you. The bat misses you. The bat barely misses you.
You see here a scroll labelled UROXALARIAC.
c - a scroll labelled UROXALARIAC The bat closely misses you.
The bat misses you. The bat hits you but does no damage.
The bat attacks as you move away! The bat hits you but does no damage.
The bat barely misses you. The bat barely misses you.
The bat attacks as you move away! The bat misses you.
The bat hits you but does no damage. The bat hits you. The bat hits you.
You are too injured to fight recklessly!
Aiming: Shock (safe; 10% risk of failure)
Press: ? - help, Q - select action Shift-Dir - straight line, f/p - bat
Aim: a bat (52% to hit)
The zap hits the bat.
You kill the bat!
The zap misses the quokka.
Aiming: Shock (safe; 10% risk of failure)
Press: ? - help, Q - select action Shift-Dir - straight line, f - quokka
Aim: a quokka (56% to hit)
The zap hits the quokka.
The quokka is moderately wounded.
The quokka bites you.
* * * LOW HITPOINT WARNING * * *
The quokka attacks as you move away! The quokka bites you.
You die...

..~~~~...~~~~............
....~~~~~~~.....#.....###
...~..~~~..~...##..>.....
..~....~....~..8#......##
....#..~..#.....#........
..####...####........!..#
## ####.#######.........#
........###..........#
.......@r†............
.#......#####.........
#......# ..........
........# ..........
........# #..........
..###.... .......... .
#.... ....... #...#


You could see a quokka.

Vanquished Creatures
  A bat (D:1)
1 creature vanquished.

Notes
Turn   | Place    | Note
-------+----------+-------------------------------------------
     0 | D:1      | xian the Demonspawn Air Elementalist began the quest for
                  | the Orb.
     0 | D:1      | Reached XP level 1. HP: 13/13 MP: 3/3
    39 | D:1      | Slain by a quokka

Illustrated notes

Levels and vault maps discovered:
D:1:      eino_arrival_water_star, layout_rooms,
          chequers_ecumenical_altar_simple, chequers_serial_rivers_marsh,
          minmay_octomino_c4

Action                   || total
-------------------------++-------
Melee: Unarmed           ||     6
 Cast: Shock             ||     3
Armor: Robe              ||     9
Dodge: Dodged            ||    15

Table legend: (Time is in decaauts)
 A = Elapsed time spent in this place.
 B = Non-inter-level travel time spent in this place.
 C = Inter-level travel time spent in this place.
 D = Time resting spent in this place.
 E = Time spent auto-exploring this place.
 F = Levels seen in this place.
 G = Mean time per level.
                   A        B        C        D        E       F      G
               +--------+--------+--------+--------+--------+-----+--------+
         Total |     39 |     39 |      0 |      0 |      2 |   1 |   39.0 |
       Dungeon |     39 |     39 |      0 |      0 |      2 |   1 |   39.0 |
               +--------+--------+--------+--------+--------+-----+--------+

Top non-repeatable levels by time:
     D:1: 39 daAuts
